[Event "Charlotte GM-A MLK 2022"]
[Site "Charlotte"]
[Date "2022.01.14"]
[Round "1.2"]
[White "Talukdar, Rohan"]
[Black "Gauri, Shankar"]
[Result "1-0"]
[ECO "C65"]
[WhiteElo "2329"]
[BlackElo "2325"]
[Annotator "ChessBase"]
[PlyCount "77"]
[EventDate "2022.01.13"]
[EventType "tourn"]
[EventCountry "USA"]
[SourceTitle "playchess.com"]
[Source "ChessBase"]
[SourceQuality "1"]
[TimeControl "5400+30"]

1. e4 e5 2. Nf3 Nc6 3. Bb5 Nf6 4. d3 Bc5 5. c3 d5 6. exd5 Qxd5 7. Bc4 Qd6 8. Nbd2 O-O 9. Qe2 Bf5 10. Ng5 Bb6 11. Nde4 Nxe4 12. dxe4 Bg6 13. h4 h6 14. h5 Bh7 15. Nxh7 Kxh7 16. g4 f6 17. a3 Nd8 18. Qf3 Nf7 19. Bd2 Ng5 20. Qf5+ Kh8 21. Rd1 Rad8 22. Bb3 Qe7 23. O-O Bc5 24. Kg2 Rd6 25. Bc1 Rdd8 26. Bd5 c6 27. Bc4 b5 28. Ba2 Bb6 29. Bb3 a6 30. Rxd8 Rxd8 31. Rd1 Rxd1 32. Bxd1 Qd8 33. Bb3 c5 34. Bd5 c4 35. Bxg5 hxg5 36. Qg6 Bc5 37. Be6 Bf8 38. h6 Qe7 39. Bf7 1-0

[Event "Charlotte GM-A MLK 2022"]
[Site "Charlotte"]
[Date "2022.01.14"]
[Round "1.5"]
[White "Vivekananthan, Anish"]
[Black "Posthuma, Joshua"]
[Result "1/2-1/2"]
[ECO "A37"]
[WhiteElo "2319"]
[BlackElo "2359"]
[Annotator "ChessBase"]
[PlyCount "98"]
[EventDate "2022.01.13"]
[EventType "tourn"]
[EventCountry "USA"]
[SourceTitle "playchess.com"]
[Source "ChessBase"]
[SourceQuality "1"]
[TimeControl "5400+30"]

1. c4 c5 2. Nf3 g6 3. g3 Bg7 4. Bg2 Nc6 5. Nc3 d6 6. d3 Bf5 7. O-O Qd7 8. Re1 Bh3 9. Bh1 h5 10. Bd2 h4 11. Rb1 Nf6 12. a3 hxg3 13. fxg3 Qf5 14. b4 Ng4 15. Nd5 Nd4 16. e3 Nxf3+ 17. Qxf3 Qxf3 18. Bxf3 Ne5 19. Be2 Rb8 20. Rbd1 Bg4 21. Bc3 Bxe2 22. Rxe2 e6 23. Bxe5 Bxe5 24. Nf4 g5 25. Ng2 Ke7 26. b5 a6 27. Rb1 d5 28. Rc2 d4 29. e4 axb5 30. Rxb5 b6 31. Ne1 Bc7 32. Nf3 g4 33. Nd2 Rh5 34. a4 Rbh8 35. Nf1 Ra8 36. Ra2 Kd6 37. Nd2 Rah8 38. Nb3 Kc6 39. Rg2 Kd6 40. a5 bxa5 41. Nxa5 Bxa5 42. Rxa5 Rb8 43. Rd2 Rb3 44. Ra6+ Ke5 45. Rc6 Kf6 46. Kg2 Kg6 47. Rc8 Kg7 48. Rc7 Kg6 49. Rc8 Kg7 1/2-1/2

[Event "Charlotte GM-A MLK 2022"]
[Site "Charlotte"]
[Date "2022.01.15"]
[Round "4.3"]
[White "Gauri, Shankar"]
[Black "Vivekananthan, Anish"]
[Result "1/2-1/2"]
[ECO "C65"]
[WhiteElo "2325"]
[BlackElo "2319"]
[Annotator "ChessBase"]
[PlyCount "32"]
[EventDate "2022.01.13"]
[EventType "tourn"]
[EventCountry "USA"]
[SourceTitle "playchess.com"]
[Source "ChessBase"]
[SourceQuality "1"]
[TimeControl "5400+30"]

1. e4 e5 2. Nf3 Nc6 3. Bb5 Nf6 4. d3 Bc5 5. Bxc6 dxc6 6. Nbd2 Nd7 7. Nc4 Qe7 8. O-O a5 9. Be3 f6 10. a4 b6 11. Nfd2 Ba6 12. Qe2 O-O-O 13. f4 exf4 14. Rxf4 Ne5 15. b3 Bxc4 16. Nxc4 Nxc4 1/2-1/2